 Dungeon Sprint DCSS version 0.29-a0-378-gc08b2e8bf8 (webtiles) character file.

Game seed: 18404306003452986

1491 Psyclone the Gelid (level 8, -1/46 HPs)
             Began as an Octopode Ice Elementalist on May 5, 2022.
             Was an Initiate of Gozag.
             Slain by a centaur warrior (10 damage)
             ... in the Dungeon (Sprint I: "Red Sonja").
             The game lasted 00:04:26 (1282 turns).

Psyclone the Gelid (Octopode Ice Elementalist)      Turns: 1282, Time: 00:04:26

Health: -1/46      AC:  1    Str:  8    XL:     8   Next: 80%
Magic:  22/22      EV: 13    Int: 19    God:    Gozag
Gold:   280        SH:  0    Dex: 12    Spells: 16/27 levels left

rFire   x . .      SeeInvis .   a - +0 dagger (venom)
rCold   + . .      Faith    .   (no shield)
rNeg    . . .      Spirit   .   (helmet restricted)
rPois   .          Reflect  .   (no amulet)
rElec   .          Harm     .   q - ring of ice
rCorr   .          Rampage  .   (no ring)
Will    .....      NoTele   +   (no ring)
Stlth   +++.......              (no ring)
HPRegen 0.15/turn               (no ring)
MPRegen 0.18/turn               (no ring)
                                (no ring)
                                (no ring)

@: no status effects
A: almost no armour, amphibious, 8 rings, camouflage 1, gelatinous body 1,
(nimble swimmer 1), tentacles
a: Renounce Religion, Potion Petition, Call Merchant, Bribe Branch


You were in the Dungeon.
You worshipped Gozag.
Gozag was aware of your devotion.
You visited 1 branch You collected 955 gold pieces.
You spent 255 gold pieces at shops.
You paid 420 gold pieces to Gozag.

Inventory:

Hand Weapons
 a - a +0 dagger of venom (weapon)
Missiles
 l - 3 curare-tipped darts
Jewellery
 q - a ring of ice (left tentacle)
Wands
 e - a wand of paralysis (9)
 h - a wand of flame (22)
 m - a wand of acid (7)
Scrolls
 f - a scroll of blinking
 n - 2 scrolls of identify {unknown}
Potions
 b - 6 potions of curing
 d - a potion of haste
 g - a potion of degeneration {unknown}
 j - a potion of attraction {unknown}
 k - 3 potions of magic
 o - a potion of mutation {unknown}
 p - a potion of lignification {unknown}


   Skills:
 - Level 2.0 Dodging
 - Level 2.6 Stealth
 + Level 10.0 Spellcasting
 * Level 16.1 Ice Magic


You had 16 spell levels left.
You knew the following spells:

 Your Spells              Type           Power      Damage    Failure   Level
a - Freeze                Ice            100%       1d11      0%          1
b - Frozen Ramparts       Ice            100%       1d12      1%          3
c - Ozocubu's Armour      Ice            82%        N/A       1%          3
d - Hailstorm             Conj/Ice       57%        3d12      2%          4

Your spell library contained the following spells:

 Spells                   Type           Power      Damage    Failure   Level


Dungeon Overview and Level Annotations

Branches:
Dungeon (1/1)

Altars:
Cheibriados
Dithmenos
Elyvilon
Fedhas
Gozag
Hepliaklqana
Kikubaaqudgha
Nemelex Xobeh
Okawaru
Qazlal
Ru
Sif Muna
Trog
Uskayaw
Vehumet
Wu Jian
Yredelemnul
Zin
The Shining One

Shops:
D !(*[


Innate Abilities, Weirdness & Mutations

You cannot wear most types of armour.
You are amphibious.
You can wear up to eight rings at the same time.
Your skin changes colour to match your surroundings (Stealth+).
Your rubbery body absorbs attacks. (AC +1, EV +1)
((You are camouflaged when in or above water. (Stealth+)))
You have tentacles for arms and can constrict up to eight enemies at once.


Message History

Okay, then.
Aiming: Freeze (safe; 0% risk of failure)
Press: ? - help, Q - select action, (/) - cycle Shift-Dir - straight line Out of range.
Okay, then.
Aiming: Freeze (safe; 0% risk of failure)
Press: ? - help, Q - select action, (/) - cycle Shift-Dir - straight line, f - you
Okay, then.
You see here a +0 hunting sling.
There is an open door here.
Aiming: Freeze (safe; 0% risk of failure)
Press: ? - help, Q - select action, (/) - cycle Shift-Dir - straight line, f - you
Okay, then.
Aiming: Freeze (safe; 0% risk of failure)
Press: ? - help, Q - select action, (/) - cycle Shift-Dir - straight line, f - you
Okay, then.
The centaur warrior shouts! x2
The centaur warrior wields a +0 shortbow.
The centaur warrior shoots an arrow.
The arrow hits you!
The centaur warrior wields a +0 longbow of flaming.
It bursts into flame!
The centaur warrior shoots an arrow.
The arrow hits you!!
* * * LOW HITPOINT WARNING * * *
The arrow burns you!
* * * LOW HITPOINT WARNING * * *
You take 43 damage, and have 3/46 hp.
MASSIVE DAMAGE!!
Which direction?
You close the door.
Something unseen breaks down the door.
You feel much better.
The centaur warrior shoots an arrow.
The arrow hits you!!
* * * LOW HITPOINT WARNING * * *
The centaur warrior shouts!
You regained 6 hp, and now have 9/46 hp.
Okay, then.
As you read the scroll labelled URYNWUN ATIT, it crumbles to dust.
You assume a fearsome visage.
The centaur warrior resists with some effort.
The centaur warrior looks frightened!
It was a scroll of fear.
The centaur warrior unwields a +0 longbow of flaming.
It stops flaming.
The centaur warrior hits you!
You die...
Your body crumbles into a pile of gold.

.#.['..#..'..# $$ $ $$
.)..#..').#..+ $$ $
.#####'#####'# ### $ $
.####..#...#.####$$# $
$
.#__####..##.#§≈§§c#$$
$ .#_____##'#_.+§§§§§+
$
⌠#_.∩...'..._#≈§§§c#$$
$$ ##_..__##_.#'##c###
$#_____###'#.#.)@)###
$
##########)####'###.##
$
........'...'.....'∩∩#
$$
#++++####...##########
$ $$ $ ###.### $


$$$$$ #.#'#.# $ $$$$$ #.....# $$$$$ #...[.# $$$ ####### $ You could see a
centaur warrior.

Vanquished Creatures
  Sonja (D)
  A deep troll (D)
  Sigmund (D)
  A yak (D)
  An ogre (D)
  A jelly (D)
  Ijyb (D)
  2 ballistomycete spores (D)
9 creatures vanquished.

Notes
Turn   | Place    | Note
-------+----------+-------------------------------------------
     0 | D        | Psyclone the Octopode Ice Elementalist began the quest for
                  | the Orb.
     0 | D        | Reached XP level 1. HP: 11/11 MP: 3/3
     1 | D        | Noticed Ijyb
     7 | D        | Paralysed by Ijyb for 2 turns
    14 | D        | Killed Ijyb
    15 | D        | Reached skill level 7 in Ice Magic
    15 | D        | Reached XP level 2. HP: 10/17 MP: 5/5
    15 | D        | Reached XP level 3. HP: 12/21 MP: 6/6
   192 | D        | Learned a level 3 spell: Frozen Ramparts
   193 | D        | Noticed an ogre
   199 | D        | Killed an ogre
   200 | D        | Reached skill level 9 in Ice Magic
   200 | D        | Reached XP level 4. HP: 10/27 MP: 0/10
   503 | D        | Learned a level 3 spell: Ozocubu's Armour
   508 | D        | Learned a level 4 spell: Hailstorm
   510 | D        | Noticed Sigmund
   517 | D        | Killed Sigmund
   518 | D        | Reached skill level 11 in Ice Magic
   518 | D        | Reached XP level 5. HP: 15/31 MP: 2/13
   518 | D        | Reached XP level 6. HP: 17/36 MP: 2/15
   673 | D        | Found an ornate altar of the Wu Jian Council.
   673 | D        | Found a shimmering blue altar of Sif Muna.
   675 | D        | Found a radiant altar of Vehumet.
   783 | D        | Found Jiamit's Antique Weapon Emporium.
   783 | D        | Found an ancient bone altar of Kikubaaqudgha.
   783 | D        | Found a hazy altar of Hepliaklqana.
   783 | D        | Found a stormy altar of Qazlal.
   783 | D        | Found a hide-covered altar of Uskayaw.
   783 | D        | Found a blossoming altar of Fedhas.
   783 | D        | Found a bloodstained altar of Trog.
   783 | D        | Found an iron altar of Okawaru.
   783 | D        | Found a basalt altar of Yredelemnul.
   783 | D        | Found a glowing golden altar of the Shining One.
   783 | D        | Found a snail-covered altar of Cheibriados.
   783 | D        | Found a sacrificial altar of Ru.
   783 | D        | Found a glowing silver altar of Zin.
   783 | D        | Found a shadowy altar of Dithmenos.
   783 | D        | Found a white marble altar of Elyvilon.
   783 | D        | Noticed a yak
   786 | D        | Killed a yak
   787 | D        | Reached skill level 12 in Ice Magic
   787 | D        | Found an opulent altar of Gozag.
   788 | D        | Found a sparkling altar of Nemelex Xobeh.
   794 | D        | Became a worshipper of Gozag Ym Sagoz the Greedy
   835 | D        | Noticed Sonja
   843 | D        | Killed Sonja
   844 | D        | Reached skill level 14 in Ice Magic
   844 | D        | Reached XP level 7. HP: 30/41 MP: 5/19
   844 | D        | Reached XP level 8. HP: 33/46 MP: 5/21
  1059 | D        | Found Lyrucs's Distillery.
  1081 | D        | Noticed a deep troll
  1094 | D        | Killed a deep troll
  1095 | D        | Reached skill level 10 in Spellcasting
  1095 | D        | Reached skill level 16 in Ice Magic
  1119 | D        | Found Noent's Armour Emporium.
  1253 | D        | Bought a scroll labelled RIGISS RIAXKI for 29 gold pieces
  1253 | D        | Bought a fuming coppery potion for 26 gold pieces
  1253 | D        | Bought a viscous puce potion for 26 gold pieces
  1253 | D        | Bought a golden ring for 145 gold pieces
  1253 | D        | Bought a scroll labelled RIGISS RIAXKI for 29 gold pieces
  1261 | D        | Noticed a centaur warrior
  1261 | D        | Noticed a centaur warrior
  1282 | D        | Slain by a centaur warrior

Illustrated notes

Levels and vault maps discovered:
D:        dungeon_sprint_1 [red_sonja_temple_1, red_sonja_temple_small_1]

Skill      XL: |  1  2  3  4  5  6  7  8 |
---------------+-------------------------+-----
Ice Magic      | 7 9 11 14 16 | 16.1
Spellcasting   | 4 6 9 10 | 10.0
Dodging        | |  2.0
Stealth        | |  2.6

Action                   |  1- 3 |  4- 6 |  7- 9 || total
-------------------------+-------+-------+-------++-------
Melee: Unarmed           |     8 |       |       ||     8
       Constrict         |     2 |       |       ||     2
       Tentacles         |     1 |     1 |       ||     2
       Dagger            |       |     3 |     1 ||     4
 Cast: Freeze            |     3 |     3 |     3 ||     9
       Frozen Ramparts   |     1 |     5 |     3 ||     9
       Ozocubu's Armour  |       |     3 |     2 ||     5
Invok: Call Merchant     |       |       |     1 ||     1
  Use: Potion            |     1 |       |     1 ||     2
       Scroll            |       |       |     1 ||     1
 Stab: Sleeping          |       |     1 |       ||     1
Armor: Skin              |       |     3 |     2 ||     5
Dodge: Dodged            |     1 |     6 |     3 ||    10

Table legend: (Time is in decaauts)
 A = Elapsed time spent in this place.
 B = Non-inter-level travel time spent in this place.
 C = Inter-level travel time spent in this place.
 D = Time resting spent in this place.
 E = Time spent auto-exploring this place.
 F = Levels seen in this place.
 G = Mean time per level.
                   A        B        C        D        E       F      G
               +--------+--------+--------+--------+--------+-----+--------+
         Total |   1287 |   1287 |      0 |    819 |    164 |   1 | 1287.0 |
       Dungeon |   1287 |   1287 |      0 |    819 |    164 |   1 | 1287.0 |
               +--------+--------+--------+--------+--------+-----+--------+

Top non-repeatable levels by time:
       D: 1287 daAuts
